Map: Snowbound Colony

Players

Subwaymaker - Winner!

  • Race: Protoss Protoss
  • League: Silver
  • Spawn Location: 7:00

Mesrob - Winner!

  • Race: Terran Terran
  • Spawn Location: 7:00

subwayengine - Winner!

  • Race: Terran Terran
  • Spawn Location: 6:00

Creeper

  • Race: Terran Terran
  • Spawn Location: 1:00

BrownTown

  • Race: Protoss Protoss
  • Spawn Location: 12:00

JNHMlYouTube

  • Race: Protoss Protoss
  • Spawn Location: 1:00

VOD

Have the link to the VOD?

Description

Time

  • Played on: Jan. 9, 2019, 2:42 p.m.
  • Length: 11:21
Show
View Real Time Build Order
Export as new Build Order

Subwaymaker Protoss - Winner!

Build Orders: Double Forge 

Get SALT Encoding   

  12  0:00  Probe  
  13  0:08  Probe  
  14  0:24  Pylon  
  14  0:26  Assimilator  
  14  0:30  Probe  
  15  0:49  Gateway  
  15  0:51  Probe  
  16  0:59  Probe  
  17  1:07  Probe  
  17  1:18  Probe  
  19  1:29  Pylon  
  19  1:30  Probe  
  19  1:31  Assimilator  
  20  1:39  Zealot  
  22  1:42  Probe  
  24  1:54  Probe  
  24  2:06  Probe  
  25  2:23  Zealot  
  27  2:31  Cybernetics Core  
  27  2:49  Gateway  
  27  2:50  Gateway  
  27  3:00  Warp Gate  
  26  3:40  Twilight Council  
  26  3:45  Pylon  
  26  3:55  Pylon  
  26  4:05  Forge  
  26  4:08  Forge  
  26  4:16  Nexus  
  26  4:18  Pylon, Probe  
  26  4:20  Pylon  
  26  4:22  Assimilator  
  26  4:24  Charge  
  27  4:30  Probe  
  28  4:36  Shield Battery  
  28  4:39  Protoss Ground Weapons Level 1  
  28  4:42  Probe  
  29  4:52  Protoss Ground Armor Level 1  
  29  4:54  Probe  
  30  5:06  Probe, Gateway  
  31  5:07  Gateway  
  31  5:09  Gateway  
  31  5:14  Probe  
  32  5:22  Probe  
  32  5:27  Probe  
  33  5:32  Probe  
  35  5:35  Probe  
  36  5:43  Pylon  
  36  5:44  Probe  
  36  5:45  Probe  
  36  5:49  Zealot  
  40  5:50  Zealot  
  40  5:56  Probe  
  44  5:57  Probe  
  44  6:18  Probe  
  44  6:19  Probe  
  44  6:21  Zealot x3  
  44  6:22  Zealot x2  
  56  6:30  Probe  
  57  6:41  Probe, Gateway x2  
  57  6:43  Gateway  
  57  6:44  Probe  
  59  6:48  Assimilator  
  59  6:55  Pylon  
  58  7:15  Protoss Ground Weapons Level 2  
  58  7:17  Protoss Shields Level 1  
  58  7:21  Robotics Facility  
  58  7:23  Stalker x2  
  58  7:24  Stalker x2  
  58  7:25  Sentry x2  
  70  7:43  Probe x2  
  72  7:53  Stalker x2  
  72  7:54  Stalker, Probe  
  72  7:55  Probe  
  80  8:03  Observer, Probe  
  80  8:11  Probe  
  83  8:22  Probe  
  83  8:26  Stalker  
  83  8:27  Stalker x2  
  88  8:28  Zealot x2  
  94  8:37  Pylon  
  94  8:38  Pylon  
  94  8:42  Pylon  
  83  9:17  Zealot  
  83  9:18  Zealot x3  
  83  9:19  Zealot x3  
  83  9:20  Zealot x2  
  75  9:40  Stalker x3  
  75  9:41  Stalker x2  
  75  9:43  Zealot x3  
  75  10:24  Stalker x4  
  75  10:25  Zealot x3  
  75  10:26  Zealot x2  
Show
View Real Time Build Order
Export as new Build Order

Mesrob Terran - Winner!

Build Orders:  

Get SALT Encoding   

  12  0:00  SCV  
  13  0:16  SCV  
  14  0:21  Supply Depot  
  14  0:28  SCV  
  15  0:55  Barracks  
  15  0:58  SCV  
  15  1:02  Refinery  
  16  1:10  SCV  
  17  1:26  Barracks  
  17  1:39  Command Center  
  17  1:54  Marine  
  17  2:12  Marine  
  15  2:41  Orbital Command  
  15  2:43  Marine  
  15  2:44  Marine  
  17  3:17  Orbital Command  
  17  3:27  Barracks Tech Lab  
  17  3:28  Barracks Reactor  
  17  3:30  Factory  
  17  3:32  Refinery  
  17  3:34  SCV  
  18  3:46  SCV  
  18  3:47  SCV  
  20  3:59  SCV x2  
  22  4:11  SCV  
  22  4:12  SCV  
  24  4:20  Barracks Reactor  
  24  4:23  Factory, SCV  
  25  4:27  SCV  
  26  4:35  SCV  
  27  4:39  SCV  
  28  4:47  SCV  
  28  4:50  Marine x2  
  28  4:51  SCV  
  28  4:52  Siege Tank  
  35  4:59  SCV  
  36  5:04  SCV  
  37  5:11  SCV  
  38  5:19  Barracks Reactor  
  38  5:20  Engineering Bay  
  38  5:37  SCV  
  38  6:10  Terran Infantry Weapons Level 1  
  38  6:14  Supply Depot  
  38  6:19  Supply Depot  
  38  6:26  Refinery  
  38  6:27  Refinery  
  38  6:35  Marine x2, SCV x2  
  38  6:36  Hellion x2  
  38  6:37  Supply Depot  
  46  6:40  Marine x2  
  46  6:41  Siege Tank  
  46  6:42  Supply Depot  
  51  6:48  SCV x2  
  51  6:53  Marine  
  54  6:58  Marine x3  
  54  7:00  Supply Depot, SCV x2  
  59  7:12  SCV x2  
  59  7:13  Siege Tank  
  64  7:24  SCV  
  64  7:26  Hellion  
  64  7:27  Hellion  
  69  7:34  Armory  
  69  7:39  Marine, Supply Depot  
  69  7:40  Marine x3  
  73  7:45  Siege Tank  
  76  7:57  SCV x2  
  78  8:01  Marine x4  
  82  8:09  SCV  
  83  8:17  Hellion  
  83  8:18  Marine  
  86  8:43  Command Center  
  86  9:11  Marine x3  
  86  9:18  Marine  
  86  9:19  Hellion  
  85  9:28  Hellbat  
  85  9:29  Siege Tank  
  85  9:31  Marine  
  86  9:40  Marine  
  86  9:42  Marine  
  86  9:47  Marine  
  86  9:54  Marine  
  86  9:55  Hellbat, Hellion  
  86  9:56  SCV x2  
  86  9:58  Marine, Planetary Fortress  
  86  9:59  Marine  
  94  10:01  Hellion  
  94  10:02  Refinery  
  94  10:05  Marine  
  91  10:12  Marine  
  90  10:16  Marine, Hellion x2  
  90  10:17  Marine, Factory  
  96  10:22  Marine  
  96  10:23  Hellbat  
  99  10:30  Marine  
  99  10:34  Marine  
  101  10:42  Marine  
Show
View Real Time Build Order
Export as new Build Order

subwayengine Terran - Winner!

Build Orders:  

Get SALT Encoding   

  12  0:21  Supply Depot  
  12  0:30  Refinery, SCV  
  13  0:42  SCV  
  14  0:49  Barracks  
  14  0:54  SCV  
  15  1:06  SCV  
  16  1:18  SCV  
  17  1:38  Marine  
  18  1:42  Orbital Command  
  18  1:56  Marine  
  18  2:00  Factory  
  19  2:14  Marine  
  19  2:32  Marine  
  20  2:49  Marine  
  21  3:08  SCV  
  22  3:14  Barracks Tech Lab  
  22  3:17  Factory Tech Lab  
  22  3:20  SCV  
  22  3:27  Starport  
  23  3:49  Supply Depot  
  23  3:54  Refinery  
  23  4:10  SCV  
  23  4:12  Starport Tech Lab, Supply Depot  
  23  4:15  Fusion Core  
  24  4:23  SCV  
  25  4:35  Supply Depot, SCV  
  25  4:37  Combat Shield  
  25  4:38  Weapon Refit  
  26  4:47  SCV  
  27  4:58  Supply Depot  
  27  4:59  SCV  
  28  5:11  Engineering Bay, SCV  
  29  5:15  Starport  
  29  5:22  Supply Depot  
  29  5:23  SCV  
  30  5:35  SCV  
  31  5:45  Supply Depot  
  31  5:51  Supply Depot  
  31  5:53  Starport  
  31  5:55  SCV  
  32  6:07  SCV  
  32  6:09  Battlecruiser  
  39  6:19  Starport Tech Lab, SCV  
  39  6:20  Starport  
  40  6:29  Supply Depot  
  40  6:31  SCV  
  41  6:43  SCV  
  42  6:51  Starport Tech Lab  
  42  6:53  Supply Depot  
  42  6:55  Battlecruiser  
  42  7:00  Starport Tech Lab  
  48  7:14  Battlecruiser  
  54  7:39  Supply Depot  
  54  8:03  Supply Depot  
  54  8:04  Command Center  
  54  8:12  Battlecruiser  
  60  8:56  Battlecruiser  
Show
View Real Time Build Order
Export as new Build Order

Creeper Terran 

Build Orders:  

Get SALT Encoding   

  12  0:01  SCV  
  13  0:21  Supply Depot  
  13  0:22  SCV  
  14  0:34  SCV  
  15  0:38  Refinery  
  15  0:53  SCV  
  15  0:55  Barracks  
  16  1:08  SCV  
  17  1:20  SCV  
  18  1:32  SCV  
  19  1:36  Command Center  
  19  1:45  Orbital Command  
  19  2:16  SCV  
  19  2:17  Refinery  
  20  2:35  Factory  
  20  2:45  Supply Depot  
  20  2:51  SCV  
  21  2:54  Barracks Reactor  
  21  3:11  Orbital Command  
  21  3:30  Starport  
  21  3:38  SCV  
  21  3:41  Marine x2  
  23  3:43  SCV  
  25  3:49  Factory Reactor  
  25  3:50  SCV  
  25  3:55  Refinery, SCV  
  27  3:58  Marine  
  27  3:59  Marine  
  29  4:03  SCV  
  29  4:07  SCV  
  31  4:12  Fusion Core  
  31  4:13  Starport Tech Lab  
  31  4:15  SCV  
  31  4:16  Marine  
  33  4:19  SCV  
  34  4:27  SCV  
  35  4:31  SCV  
  36  4:39  SCV  
  36  4:41  Widow Mine x2, Supply Depot  
  36  4:43  SCV  
  36  4:44  Marine x2  
  44  4:51  SCV  
  45  4:55  SCV  
  46  5:02  Marine  
  46  5:03  Widow Mine x2, SCV  
  52  5:21  Battlecruiser  
  58  5:24  Widow Mine x2  
  62  5:32  Refinery  
  62  5:51  Supply Depot  
  62  5:56  Supply Depot  
  62  6:02  Widow Mine x2, SCV  
  67  6:14  SCV  
  68  6:26  SCV  
  68  6:31  Battlecruiser  
  75  6:38  SCV  
  76  6:47  Starport  
  76  6:58  Command Center  
  76  7:01  SCV  
  77  7:13  SCV  
  78  7:23  Supply Depot  
  78  7:25  SCV, Armory  
  77  7:38  SCV  
  78  7:50  SCV  
  79  8:01  Starport Tech Lab  
  79  8:05  Starport  
  79  8:07  Battlecruiser  
  85  8:43  Engineering Bay  
  85  8:45  Starport Tech Lab  
  85  8:48  Raven  
  87  8:58  SCV  
  88  9:03  Refinery  
  84  9:10  SCV  
  84  9:11  Battlecruiser  
  86  9:22  SCV  
  84  9:31  Battlecruiser  
  84  9:34  SCV  
  68  9:46  SCV  
  58  9:53  Battlecruiser  
Show
View Real Time Build Order
Export as new Build Order

BrownTown Protoss 

Build Orders:  

Get SALT Encoding   

  12  0:14  Pylon, Probe  
  13  0:36  Gateway  
  13  0:55  Pylon  
  13  0:57  Probe  
  14  1:09  Probe  
  15  1:23  Zealot  
  17  1:35  Cybernetics Core  
  17  1:38  Probe  
  17  1:39  Assimilator  
  17  1:46  Probe  
  19  1:55  Probe  
  20  2:09  Zealot  
  22  2:19  Assimilator  
  22  2:26  Probe, Gateway  
  22  2:34  Probe  
  23  2:38  Stalker  
  26  2:44  Probe  
  27  3:07  Warp Gate  
  27  3:17  Stalker  
  27  3:19  Stalker  
  29  3:36  Forge  
  29  3:48  Stalker  
  31  3:50  Nexus  
  31  4:06  Pylon  
  31  4:17  Pylon  
  31  4:19  Protoss Ground Weapons Level 1  
  31  4:24  Stalker  
  31  4:30  Twilight Council  
  33  4:40  Stalker  
  33  4:43  Probe  
  35  4:47  Protoss Air Weapons Level 1  
  35  4:51  Probe  
  37  5:01  Probe x2  
  39  5:09  Probe  
  39  5:11  Stalker  
  39  5:13  Probe  
  43  5:19  Probe  
  43  5:21  Charge  
  43  5:25  Probe  
  45  5:29  Assimilator  
  45  5:31  Assimilator, Probe  
  46  5:42  Probe  
  47  5:50  Probe  
  48  5:58  Stalker x2  
  48  6:00  Probe  
  53  6:12  Probe  
  54  6:24  Probe, Stargate  
  55  6:35  Stalker x2  
  59  6:41  Protoss Ground Armor Level 1  
  59  6:44  Pylon  
  59  6:50  Photon Cannon  
  59  6:59  Zealot  
  61  7:05  Zealot  
  63  7:11  Void Ray  
  67  7:24  Gateway  
  67  7:33  Zealot  
  69  7:44  Pylon  
  69  7:53  Pylon  
  69  8:11  Void Ray  
  73  8:13  Zealot x2  
  77  8:21  Zealot  
  79  8:49  Nexus  
  79  8:52  Pylon  
  79  8:56  Pylon, Zealot  
  79  8:57  Zealot x2  
  85  9:07  Fleet Beacon  
  85  9:09  Void Ray  
  43  9:26  Stalker x3  
  45  9:43  Void Ray  
  45  9:53  Stalker x2  
  45  9:54  Stalker  
  39  10:26  Stalker x3  
Show
View Real Time Build Order
Export as new Build Order

JNHMlYouTube Protoss 

Build Orders: Cannon Rush 

Get SALT Encoding   

  12  0:11  Probe  
  12  0:12  Pylon  
  13  0:23  Probe  
  14  0:35  Probe  
  15  0:44  Forge  
  15  0:48  Probe  
  16  1:00  Probe  
  17  1:04  Assimilator  
  17  1:12  Pylon, Probe  
  18  1:33  Photon Cannon  
  18  1:36  Photon Cannon  
  18  1:40  Pylon  
  18  1:53  Photon Cannon  
  18  2:25  Photon Cannon  
  18  2:26  Photon Cannon  
  18  2:41  Photon Cannon  
  18  2:53  Gateway  
  18  2:59  Nexus  
  18  3:30  Probe  
  19  3:38  Probe  
  19  3:40  Assimilator  
  19  3:45  Assimilator  
  19  3:47  Probe  
  21  3:59  Cybernetics Core, Probe  
  22  4:12  Probe  
  23  4:43  Probe  
  23  4:51  Probe  
  24  4:54  Nexus  
  25  5:00  Pylon, Probe  
  25  5:02  Assimilator  
  26  5:07  Assimilator  
  26  5:12  Probe  
  27  5:24  Probe  
  28  5:30  Stargate  
  28  5:39  Pylon x2  
  28  5:43  Pylon  
  28  5:49  Probe  
  29  5:57  Probe  
  30  6:05  Pylon  
  30  6:06  Pylon  
  30  6:07  Probe  
  31  6:14  Stargate  
  31  6:19  Probe  
  31  6:20  Stargate  
  32  6:31  Probe  
  33  6:38  Probe  
  33  6:43  Probe  
  33  6:46  Probe  
  35  6:50  Void Ray  
  40  6:55  Probe  
  40  6:56  Probe  
  42  7:07  Probe x2  
  44  7:15  Probe  
  44  7:17  Probe  
  46  7:23  Probe  
  46  7:25  Probe  
  46  7:27  Assimilator  
  48  7:32  Assimilator, Void Ray  
  48  7:34  Probe x2  
  54  7:46  Probe  
  54  7:47  Probe  
  56  7:58  Probe  
  57  8:00  Probe  
  58  8:13  Probe  
  59  8:25  Probe  
  60  8:37  Probe  
  61  8:45  Probe  
  61  8:48  Probe  
  63  8:56  Probe  
  63  8:57  Probe  
  65  9:04  Probe  
  65  9:06  Void Ray x2  
  65  9:07  Void Ray  
  65  9:09  Probe  
  79  9:15  Probe  
  80  9:25  Stargate  
  80  9:27  Probe, Stargate  
  80  9:31  Fleet Beacon  
  81  9:50  Void Ray  
  81  9:51  Void Ray x2  
  73  10:15  Void Ray  
  73  10:16  Void Ray  
  81  10:33  Void Ray x2  
  81  10:34  Void Ray  
Tags
 
Add a new tag
Caveats
  • Supply blocks, unpowered buildings, or Contaminate may cause inaccurate times.
  • Supply counts are checked every 10 seconds.